 Dungeon Crawl Stone Soup version 0.20.0-7-g3b7b877 (webtiles) character file.

48459 kuniqs the Fighter (level 14, -3/76 HPs)
             Began as a Vine Stalker Earth Elementalist on May 29, 2017.
             Was a High Priest of Lugonu.
             Slain by an orc warrior
             ... wielding a +0 flail
             ... led by an orc warlord
              (8 damage)
             ... on level 1 of the Orcish Mines.
             The game lasted 00:39:14 (19454 turns).

kuniqs the Fighter (VSEE)                          Turns: 19454, Time: 00:39:15

Health: -3/76      AC: 23    Str: 16    XL:     14   Next: 46%
Magic:  0/21       EV: 11    Int: 15    God:    Lugonu [*****.]
Gold:   944        SH: 11    Dex: 15    Spells: 16/17 levels left

rFire    . . .     SeeInvis .   D - +5 short sword (vamp)
rCold    + . .     Gourm    +   l - +0 shield
rNeg     . . .     Faith    .   v - +2 chain mail {rC+}
rPois    .         Spirit   +   N - +0 helmet of Rienak {MR+}
rElec    .         Reflect  .   (no cloak)
rCorr    .         Harm     .   h - +0 pair of gloves
MR       ++...                  (no boots)
Stlth    ..........             m - amulet of the gourmand
Regen    1.1/turn               E - ring of Robustness {AC+8}
MPRegen  0.2/turn               y - +2 ring of evasion

@: drained
A: fangs 3, mutation resistance 1, regeneration 2, magic shield, antimagic bite,
no potion heal 3, rot immunity
a: Depart the Abyss, Bend Space, Banish, Corrupt, Enter the Abyss, Renounce
Religion


You were on level 1 of the Orcish Mines.
You worshipped Lugonu.
Lugonu was extremely pleased with you.
You were completely stuffed.

You visited 4 branches of the dungeon, and saw 22 of its levels.
You visited the Abyss 1 time.

You collected 1412 gold pieces.
You spent 468 gold pieces at shops.

Inventory:

Hand Weapons
 j - a +3 scimitar of flaming
 D - a +5 vampiric short sword (weapon)
Missiles
 g - 8 javelins (quivered)
 n - 3 throwing nets
Armour
 h - a +0 pair of gloves (worn)
 l - a +0 shield (worn)
 v - a +2 chain mail of cold resistance (worn)
 N - the +0 helmet of Rienak (worn) {MR+}
   (You found it on level 6 of the Lair of Beasts)

   It affects your resistance to hostile enchantments.
Jewellery
 m - an amulet of the gourmand (around neck)
 y - a +2 ring of evasion (right hand)
 E - the ring of Robustness (left hand) {AC+8}
   (You found it on level 10 of the Dungeon)

   [ring of protection]

   It affects your AC (+8).
Wands
 q - a wand of lightning (7/15)
 A - a wand of confusion (21/48)
 H - a wand of enslavement (16/24)
 I - a wand of confusion (24/48)
 L - a wand of digging (14/24)
Scrolls
 a - a scroll of brand weapon {unknown}
 b - a scroll of recharging
 c - 3 scrolls of magic mapping
 k - 7 scrolls of remove curse {@r2}
 o - 5 scrolls of fog
 p - 3 scrolls of fear
 r - 8 scrolls of teleportation
 s - 2 scrolls of enchant weapon
 u - a scroll of immolation
 O - a scroll of blinking {unknown}
Potions
 i - 3 potions of cancellation
 t - a potion of invisibility
 w - 3 potions of curing {@q1}
 x - 2 potions of mutation
 z - 3 potions of lignification
 C - a potion of haste
 F - 2 potions of agility
 J - 2 potions of flight
 K - a potion of resistance {unknown}
 M - a potion of heal wounds {unknown}
Comestibles
 d - 11 bread rations
 e - 13 meat rations
 f - 26 fruits
 B - a chunk of flesh
 G - 4 royal jellies


   Skills:
 + Level 9.9(8.6) Fighting
 - Level 8.4(7.6) Short Blades
 + Level 4.0(5.5) Long Blades
 + Level 9.0(7.7) Armour
 + Level 9.3(8.0) Dodging
 - Level 2.4(1.3) Stealth
 + Level 9.2(7.9) Shields
 - Level 2.1(1.1) Spellcasting
   Level 1.0(0.0) Transmutations
 - Level 3.0(1.9) Earth Magic
 + Level 9.2(7.8) Invocations


You had 16 spell levels left.
You knew the following spells:

 Your Spells              Type           Power        Failure   Level  Hunger
a - Sandblast             Erth           #.....       98%         1    ##.....


Dungeon Overview and Level Annotations

Branches:
Dungeon (13/15)            Temple (1/1) D:6            Lair (6/6) D:8
  Swamp (0/4) Lair:3        Snake (0/4) Lair:3          Orc (2/2) D:11
  Slime: Lair:5-6       Elf: Orc:2       Vaults: D:13-14

Altars:
Cheibriados
Dithmenos
Fedhas
Gozag
Kikubaaqudgha
Nemelex Xobeh
Qazlal
Trog
Uskayaw
Vehumet
The Shining One

Shops:
D:7 ((   D:12 (

Annotations:
D:6 exclusion: upstairs
Lair:5 exclusion: oklob plant


Innate Abilities, Weirdness & Mutations

You have razor-sharp teeth.
You heal very quickly.
When hurt, damage is shared between your health and your magic reserves.
Your bite disrupts and absorbs the magic of your enemies.
Potions cannot restore your health.
You are immune to rotting.
You are somewhat resistant to further mutation.


Message History

You block the orc sorcerer's attack. The soul eater barely misses you.
The troll bites you but does no damage. The troll barely misses you.
The troll claws you but does no damage.
You hit the orc sorcerer. Your bite misses the orc sorcerer.
The orc sorcerer is moderately wounded.
The orc warrior barely misses you.
The hellwing hits you but does no damage.
The hellwing misses you.
You hit the orc sorcerer but do no damage.
The orc sorcerer is moderately wounded.
The orc sorcerer casts a spell at you. The bolt of negative energy hits you!
You feel drained.
* * * LOW HITPOINT WARNING * * *
The soul eater hits you but does no damage.
The troll bites you.
* * * LOW HITPOINT WARNING * * *
You block the troll's attack. The troll closely misses you.
You block the hellwing's attack. The hellwing closely misses you.
The orc warrior hits you with a flail!
You die...

############
##.##.##.##.##
#......oo....##
###......4@3....####
##........T[(.....#.##
#..............#.#...#
##.##...............##
#######.............#
#.....#.......##
##.#.#.(...#.##
#####.....###
##......##


You could see a soul eater, a hellwing, a troll, an orc sorcerer and an orc
warrior.

Vanquished Creatures
  Snorg (Lair:5)
  2 hydras
  The ghost of nubinia the Summoner, a journeyman BaSu of Sif Muna (Lair:1)
  An alligator (Lair:6)
  Erica (Lair:2)
  3 two-headed ogres
  9 death yaks
  A large abomination (Abyss:1)
  An unseen horror (D:9)
  A swamp dragon (Lair:3)
  Pikel (D:3)
  A cyclops (Orc:1)
  An ugly thing (D:12)
  A manticore (D:12)
  A black mamba (Lair:6)
  3 elephants (Lair:5)
  A gargoyle (D:11)
  Psyche (D:9)
  5 spiny frogs
  4 torpor snails (Lair:6)
  4 rime drakes
  8 komodo dragons
  A merfolk (D:9)
  9 polar bears (Lair:6)
  Grinder (D:5)
  6 blink frogs
  2 raiju (Lair:6)
  11 hippogriffs
  Sigmund (D:3)
  2 wyverns (D:8)
  22 yaks
  3 hungry ghosts
  4 fire bats (D:10)
  2 basilisks (Lair:4)
  The ghost of vatarom the Slasher, an amateur DsGl of Qazlal (D:4)
  Menkaure (D:7)
  4 wargs (Lair:6)
  An acid dragon (D:8)
  5 nagas (Lair:3)
  An insubstantial wisp (Abyss:1)
  8 porcupines
  11 water moccasins
  16 hell hounds
  Duvessa (D:7)
  4 ice beasts
  11 orc warriors
  12 black bears
  2 sky beasts
  2 necrophages
  2 phantoms (D:6)
  An eye of draining (D:11)
  4 ogres
  4 centaurs
  24 wolves
  13 crocodiles
  A big kobold (D:11)
  19 bullfrogs
  2 small abominations (Abyss:1)
  Dowan (D:7)
  3 scorpions
  6 killer bees (D:12)
  2 electric eels (D:6)
  9 howler monkeys
  2 lava snakes (D:10)
  6 crimson imps
  A bullfrog zombie (D:12)
  2 bullfrog skeletons
  A centaur skeleton (D:6)
  5 hounds
  6 orc priests
  An iron imp (Abyss:1)
  3 iguanas
  11 orc wizards
  5 worker ants
  2 hound zombies (D:7)
  A worker ant zombie (D:9)
  11 gnolls (D:3)
  A howler monkey skeleton (D:4)
  12 adders
  2 shadow imps (D:8)
  2 oozes
  An adder zombie (D:5)
  An adder skeleton (D:6)
  4 worms
  13 dart slugs
  10 leopard geckos
  47 orcs
  2 ball pythons
  2 giant cockroaches (D:1)
  7 goblins
  8 hobgoblins
  12 jackals
  4 quokkas
  A ball python skeleton (D:4)
  10 bats
  3 frilled lizards
  8 kobolds
  A quokka zombie (D:9)
  2 rats
  A fire vortex (D:10)
498 creatures vanquished.

Vanquished Creatures (others)
  2 slaves (D:4)
  An orc wizard (D:10)
  An adder (D:4)
  2 fire vortices (D:10)
  7 fungi
  12 plants
25 creatures vanquished.

Grand Total: 523 creatures vanquished

Notes
Turn   | Place    | Note
-------+----------+-------------------------------------------
     0 | D:1      | kuniqs the Vine Stalker Earth Elementalist began the quest for the Orb.
     0 | D:1      | Reached XP level 1. HP: 9/9 MP: 4/4
   176 | D:1      | Reached XP level 2. HP: 14/14 MP: 0/6
   451 | D:1      | Reached skill level 1 in Fighting
   741 | D:1      | Reached XP level 3. HP: 18/18 MP: 5/7
  1325 | D:2      | Reached skill level 1 in Armour
  1531 | D:2      | Gained mutation: Your natural rate of healing is unusually fast. [Vine Stalker growth]
  1531 | D:2      | Reached XP level 4. HP: 23/23 MP: 3/8
  2180 | D:3      | Reached skill level 1 in Shields
  2246 | D:3      | Reached XP level 5. HP: 24/26 MP: 6/9
  2395 | D:3      | Reached skill level 1 in Short Blades
  2518 | D:3      | Noticed Sigmund
  2531 | D:3      | Killed Sigmund
  2531 | D:3      | Reached XP level 6. HP: 26/32 MP: 8/10
  3126 | D:4      | Noticed Pikel
  3126 | D:4      | Noticed a slave
  3126 | D:4      | Noticed a slave
  3126 | D:4      | Noticed a slave
  3126 | D:4      | Noticed a slave
  3157 | D:3      | Killed Pikel
  3157 | D:3      | Reached XP level 7. HP: 36/36 MP: 8/11
  3172 | D:4      | Noticed vatarom's ghost (amateur DsGl)
  3346 | D:4      | Gained mutation: You have razor-sharp teeth. [Vine Stalker growth]
  3346 | D:4      | Reached XP level 8. HP: 33/40 MP: 12/12
  3423 | D:4      | Killed vatarom's ghost
  3949 | D:5      | Entered Level 5 of the Dungeon
  4129 | D:5      | Noticed Grinder
  4828 | D:6      | Reached XP level 9. HP: 34/46 MP: 8/13
  5000 | D:6      | Found a staircase to the Ecumenical Temple.
  5010 | Temple   | Entered the Ecumenical Temple
  5015 | Temple   | Became a worshipper of Uskayaw the Reveler
  5036 | D:6      | Reached * piety under Uskayaw
  5072 | D:6      | Reached ** piety under Uskayaw
  5236 | D:6      | Reached skill level 1 in Invocations
  5318 | D:6      | Reached *** piety under Uskayaw
  5599 | D:6      | Reached skill level 5 in Fighting
  5645 | D:7      | Found Hudwet's Antique Weapon Emporium.
  5647 | D:7      | Noticed Menkaure
  5664 | D:7      | Killed Menkaure
  5715 | D:7      | Reached skill level 5 in Dodging
  5742 | D:7      | Reached **** piety under Uskayaw
  5749 | D:7      | Reached ***** piety under Uskayaw
  5834 | D:7      | Noticed Duvessa
  5857 | D:7      | Killed Duvessa
  5881 | D:7      | Noticed Dowan
  5895 | D:7      | Killed Dowan
  5960 | D:7      | Reached skill level 5 in Short Blades
  5987 | D:7      | Found Guzac's Weapon Shop.
  6101 | D:7      | Reached skill level 5 in Armour
  6101 | D:7      | Reached skill level 5 in Shields
  6101 | D:7      | Reached XP level 10. HP: 52/52 MP: 12/14
  6901 | D:8      | Found a staircase to the Lair.
  7453 | D:9      | Noticed Psyche
  7479 | D:10     | Entered Level 10 of the Dungeon
  7534 | D:9      | HP: 3/79 [something (5)]
  7561 | D:9      | Killed an unseen horror
  8067 | D:10     | Reached XP level 11. HP: 29/58 MP: 8/15
  8802 | D:11     | Found a staircase to the Orcish Mines.
  8944 | D:11     | Reached skill level 5 in Invocations
  8973 | D:11     | Found a blossoming altar of Fedhas.
  9128 | D:11     | Noticed a two-headed ogre
  9151 | D:11     | Killed a two-headed ogre
  9311 | D:11     | Found an opulent altar of Gozag.
  9409 | D:11     | Noticed a two-headed ogre
  9422 | D:11     | Killed a two-headed ogre
  9941 | D:12     | Found Giemevvyon's Antique Weapon Boutique.
  9951 | D:12     | Noticed a two-headed ogre
  9958 | D:12     | Killed a two-headed ogre
 10058 | D:12     | Noticed a cyan ugly thing
 10072 | D:12     | Killed a cyan ugly thing
 10180 | D:12     | Gained mutation: You are somewhat resistant to further mutation. [potion of mutation]
 10278 | D:12     | Noticed a manticore
 10294 | D:12     | Killed a manticore
 10648 | D:9      | Found a stormy altar of Qazlal.
 10862 | D:9      | Cast into level 1 of the Abyss (Psyche)
 10964 | Abyss:1  | Noticed a starcursed mass
 10964 | Abyss:1  | Noticed a hellephant
 11255 | Abyss:1  | Noticed a large abomination
 11277 | Abyss:1  | Killed a large abomination
 11277 | Abyss:1  | Gained mutation: You heal very quickly. [Vine Stalker growth]
 11277 | Abyss:1  | Reached XP level 12. HP: 11/63 MP: 2/17
 11340 | Abyss:1  | Found a corrupted altar of Lugonu.
 11371 | Abyss:1  | Fell from the grace of Uskayaw
 11371 | Abyss:1  | Became a worshipper of Lugonu the Unformed
 11371 | Abyss:1  | Reached * piety under Lugonu
 11373 | D:9      | Escaped the Abyss
 11380 | D:9      | Killed Psyche
 12174 | D:5      | Killed Grinder
 12244 | D:5      | Found a bloodstained altar of Trog.
 12575 | Lair:1   | Entered Level 1 of the Lair of Beasts
 12929 | Lair:1   | Noticed nubinia's ghost (journeyman BaSu)
 13011 | D:7      | Bought a +5 vampiric short sword for 468 gold pieces
 13268 | Lair:1   | Killed nubinia's ghost
 13381 | Lair:1   | Paralysed by the fury of Uskayaw for 7 turns
 13454 | Lair:1   | Paralysed by the fury of Uskayaw for 5 turns
 13493 | Lair:1   | Paralysed by the fury of Uskayaw for 7 turns
 13717 | Lair:2   | Paralysed by the fury of Uskayaw for 3 turns
 13853 | Lair:2   | Reached ** piety under Lugonu
 13968 | Lair:2   | Paralysed by the fury of Uskayaw for 4 turns
 14278 | Lair:2   | Noticed Erica
 14294 | Lair:2   | Killed Erica
 14648 | Lair:3   | Noticed a seven-headed hydra
 14673 | Lair:3   | Killed a seven-headed hydra
 14775 | Lair:3   | Reached XP level 13. HP: 56/69 MP: 14/19
 14866 | Lair:3   | Found a staircase to the Swamp.
 15118 | Lair:3   | Found a staircase to the Snake Pit.
 15280 | Lair:3   | Was forgiven by Uskayaw
 16274 | Lair:5   | Reached *** piety under Lugonu
 16339 | Lair:5   | Noticed Snorg
 16378 | Lair:5   | Killed Snorg
 16775 | Lair:5   | Reached skill level 1 in Long Blades
 17080 | Lair:6   | Entered Level 6 of the Lair of Beasts
 17668 | Lair:6   | Reached **** piety under Lugonu
 17886 | Lair:6   | Reached XP level 14. HP: 74/75 MP: 21/21
 18105 | Lair:6   | Got an ancient helmet
 18116 | Lair:6   | Identified the +0 helmet of Rienak {MR+} (You found it on level 6 of the Lair of Beasts)
 18471 | Lair:6   | Reached ***** piety under Lugonu
 18687 | Lair:6   | Found a snail-covered altar of Cheibriados.
 19257 | Orc:1    | Entered Level 1 of the Orcish Mines
 19260 | Orc:2    | Entered Level 2 of the Orcish Mines
 19291 | Orc:2    | Noticed an orc warlord
 19454 | Orc:1    | Slain by an orc warrior

Skill      XL: |  1  2  3  4  5  6  7  8  9 10 11 12 13 14 |
---------------+-------------------------------------------+-----
Dodging        | 2 3 4 5 6 7 8 9 |  9.3
Fighting       | 1 2 3 4 5 6 7 8 9 |  9.9
Armour         | 1 3 5 6 7 8 9 |  9.0
Shields        | 1 3 4 5 6 7 8 9 |  9.2
Short Blades   | 1 2 4 5 6 7 8 |  8.4
Invocations    | 3 4 6 7 8 9 |  9.2
Long Blades    | 2 4 |  4.0
Stealth        | |  2.4
Spellcasting   | |  2.1
Transmutations | |  1.0
Earth Magic    | |  3.0

Action                   |  1- 3 |  4- 6 |  7- 9 | 10-12 | 13-15 || total
-------------------------+-------+-------+-------+-------+-------++-------
Melee: Unarmed           |    12 |       |       |       |       ||    12
       Bite              |     1 |    51 |   122 |   468 |   583 ||  1225
       Short sword       |       |   201 |   420 |  1499 |  1500 ||  3620
Throw: Javelin           |       |       |     4 |     6 |       ||    10
 Cast: Sandblast         |    55 |     1 |       |       |       ||    56
Invok: Depart the Abyss  |       |       |       |     1 |       ||     1
       Banish            |       |       |       |       |     1 ||     1
Evoke: Wand              |       |       |       |     6 |       ||     6
  Use: Potion            |       |     4 |     1 |     2 |       ||     7
       Scroll            |       |     1 |       |    17 |     4 ||    22
 Stab: Paralysed         |       |       |     5 |    30 |       ||    35
       Confused          |       |       |       |     3 |       ||     3
  Eat: Chunk             |    12 |    10 |    10 |    59 |    19 ||   110
Armor: Robe              |     9 |       |       |       |       ||     9
       Ring mail         |       |    13 |       |       |       ||    13
       Scale mail        |       |    50 |    10 |       |       ||    60
       Chain mail        |       |       |   162 |   627 |   688 ||  1477
       Skin              |       |       |     6 |    38 |       ||    44
Dodge: Dodged            |    25 |    58 |    87 |   462 |   646 ||  1278
Block: Shield            |       |    65 |   171 |   670 |   837 ||  1743
